 Dungeon Crawl Stone Soup version 0.28.0-45-g0d030f2227 (webtiles) character file.

Game seed: 9060558050388443530

93 Peloso the Skirmisher (level 4, -1/41 HPs)
             Began as a Minotaur Fighter on Apr 20, 2022.
             Killed by divine providence
             ... invoked by an orc priest
              (13 damage)
             ... on level 3 of the Dungeon.
             The game lasted 00:03:30 (1384 turns).

Peloso the Skirmisher (Minotaur Fighter)            Turns: 1384, Time: 00:03:31

Health: -1/41      AC: 14    Str: 20    XL:     4   Next: 37%
Magic:  3/3        EV:  5    Int:  5    God:
Gold:   102        SH:  5    Dex: 12    Spells: 3/3 levels left

rFire   . . .      SeeInvis .   a - +0 long sword
rCold   . . .      Faith    .   c - +0 buckler
rNeg    . . .      Spirit   .   h - +0 plate armour
rPois   .          Reflect  .   (helmet restricted)
rElec   .          Harm     .   g - +0 cloak
rCorr   .          Rampage  .   (no gloves)
Will    .....                   j - +0 pair of boots
Stlth   ..........              (no amulet)
HPRegen 0.13/turn               l - ring of flight
MPRegen 0.08/turn               (no ring)

@: flying
A: horns 2, retaliatory headbutt
a: no special abilities


You were on level 3 of the Dungeon.
You visited 1 branch of the dungeon, and saw 3 of its levels.

You collected 102 gold pieces.

Inventory:

Hand Weapons
 a - a +0 long sword (weapon)
Armour
 b - a +0 scale mail
 c - a +0 buckler (worn)
 e - a +0 chain mail
 g - a +0 cloak (worn)
 h - a +0 plate armour (worn)
 j - a +0 pair of boots (worn)
Jewellery
 l - a ring of flight (left hand)
Wands
 k - a wand of flame (20)
Potions
 d - 2 potions of might
 f - a potion of flight {unknown}
 i - a potion of invisibility
 m - a potion of curing {unknown}
 n - a potion of brilliance {unknown}


   Skills:
 + Level 4.3 Fighting
 + Level 3.9 Long Blades
 + Level 4.2 Armour
 + Level 0.1 Stealth
 + Level 4.3 Shields


You had 3 spell levels left.
You didn't know any spells.
Your spell library was empty.

Dungeon Overview and Level Annotations

Branches:
Dungeon (3/15)

Altars:


Innate Abilities, Weirdness & Mutations

You have a pair of horns on your head.
You reflexively headbutt those who attack you in melee.


Message History

You kill the adder!
You see here an adder corpse.
You reach down and open the door.
There is an open door here.
Items here: ( ))) †.
You reach down and open the door.
There is an open door here.
A gnoll comes into view. It is wielding a +0 spear.
The gnoll shouts!
The gnoll throws a stone.
The stone completely misses you.
Items here: ( ))) †.
The gnoll throws a stone.
You block the stone.
The gnoll throws a stone.
The stone hits you but does no damage.
Items here: ( ))) †.
You block the gnoll's attack.
The orc warrior shouts!
The orc wizard shouts!
You block the gnoll's attack.
You barely miss the gnoll. Your headbutt misses the gnoll.
The orc warrior hits you but does no damage.
The gnoll hits you but does no damage.
The orc priest shouts!
You hit the gnoll.
The gnoll is lightly wounded.
The orc warrior hits you with a +0 short sword.
You block the gnoll's attack.
The orc warrior hits you with a +0 short sword!
You closely miss the gnoll.
The gnoll is lightly wounded.
The gnoll hits you but does no damage.
The orc warrior hits you with a +0 short sword.
The gnoll hits you but does no damage.
Unknown command.
The gnoll hits you from afar with a +0 spear.
The orc warrior hits you with a +0 short sword!
* * * LOW HITPOINT WARNING * * *
The gnoll hits you but does no damage.
A bat comes into view.
The orc priest calls down the wrath of Beogh upon you.
Beogh smites you!
You die...

........................
+#.......<..........##b.
#.....................
###+###.......<.....##
#...............
#............####
#............'...
#............###
#........@.....#
#########.#'##.# #o#.# .. #g#.#
#o#o# ###### ##### #.#.# .......
#....# #...# #.#o# #........
#....# #...# #o#.######........
#....####...###.#.#....#........


You could see an orc warrior, an orc priest, an orc wizard, a gnoll and a bat.

Vanquished Creatures
  2 gnolls (D:3)
  3 adders
  A dart slug (D:3)
  An orc (D:3)
  2 ball pythons
  4 endoplasms
  4 giant cockroaches
  2 goblins
  4 hobgoblins (D:1)
  2 jackals (D:2)
  6 kobolds
  3 quokkas (D:1)
  3 bats
  3 frilled lizards
  A rat (D:2)
41 creatures vanquished.

Notes
Turn   | Place    | Note
-------+----------+-------------------------------------------
     0 | D:1      | Peloso the Minotaur Fighter began the quest for the Orb.
     0 | D:1      | Reached XP level 1. HP: 19/19 MP: 0/0
   117 | D:1      | Reached XP level 2. HP: 27/27 MP: 1/1
   718 | D:2      | Reached XP level 3. HP: 29/33 MP: 2/2
  1076 | D:3      | Noticed an orc warrior
  1170 | D:3      | Reached XP level 4. HP: 30/41 MP: 3/3
  1384 | D:3      | Killed from afar by an orc priest

Illustrated notes

Levels and vault maps discovered:
D:1:      saegor_arrival_simple_e, layout_basic, serial_bayou_crossing
D:2:      layout_basic, minivault_19, minivault_24
D:3:      layout_basic, tso_altar, kennysheep_cross_bottleneck

Skill      XL: |  1  2 |
---------------+-------+-----
Armour         | 4 |  4.2
Fighting       | 4 |  4.3
Shields        | 4 |  4.3
Long Blades    | 3 |  3.9
Stealth        | |  0.1

Action                   |  1- 3 |  4- 6 || total
-------------------------+-------+-------++-------
Melee: Long sword        |    75 |    11 ||    86
       Headbutt          |     8 |     1 ||     9
  Use: Scroll            |     2 |       ||     2
Armor: Chain mail        |    15 |       ||    15
       Scale mail        |     1 |       ||     1
       Plate armour      |    61 |    11 ||    72
Dodge: Dodged            |    16 |     5 ||    21
Block: Buckler           |    23 |     4 ||    27
